 Dungeon Crawl Stone Soup version 0.15-a0-462-gf669498 (webtiles) character file.

128403 PolkaDot the Maledictor (level 16, -13/96 HPs)
             Began as a Vampire Enchanter on May 7, 2014.
             Was the Champion of Ashenzari.
             Killed from afar by a merfolk aquamancer (35 damage)
             ... with a shard of ice
             ... on Level 5 of the Shoals.
             The game lasted 03:22:19 (32574 turns).

PolkaDot the Maledictor (Vampire Enchanter)        Turns: 32574, Time: 03:22:19

HP -13/96        AC 14     Str  8      XL: 16   Next: 45%
MP   4/25        EV 23     Int 19      God: Ashenzari [******]
Gold 1297        SH 15     Dex 21      Spells:  8 memorised,  1 level left

rFire  . . .     SeeInvis +     a - +4 dagger (curse)
rCold  + + .     Clarity  +     v - +4 troll leather armour (curse)
rNeg   + + +     Conserve .     W - +1 buckler (curse)
rPois  +         rCorr    +     d - +2 hat (curse)
rElec  +         rRot     +     g - +0 cloak (curse)
SustAb . .       Spirit   .     f - +0 pair of gloves (curse)
rMut   .         Warding  .     J - +0 pair of boots (curse)
Saprov . . .     Stasis   .     F - cursed amulet of resist corrosion
MR     +....                    i - cursed ring "Unweudary" {+Blink rElec Stlth+}
                                A - cursed +5 ring of dexterity

@: regenerating slowly, about to teleport, flying, somewhat resistant to hostile
enchantments, uncannily stealthy
A: bottle blood, fangs 3, see invisible, unbreathing
a: Bat Form, Bottle Blood, Scrying, Transfer Knowledge, Renounce Religion, Evoke
Blink


You were on level 5 of the Shoals.
You worshipped Ashenzari.
Ashenzari was exalted by your worship.
You were near bloodless.

You visited 4 branches of the dungeon, and saw 29 of its levels.
You visited 1 bazaar.
You also visited: Sewer, Ossuary and Ice Cave.

You collected 2260 gold pieces.
You spent 963 gold pieces at shops.

Inventory:

Hand weapons
 a - a cursed +4,+4 dagger (weapon)
 b - a +0,+2 cutlass of electrocution
Armour
 d - a cursed +2 hat (worn)
 f - a cursed +0 pair of gloves (worn)
 g - a cursed +0 cloak (worn)
 v - a cursed +4 troll leather armour (worn)
 J - a cursed +0 pair of boots (worn)
 W - a cursed +1 buckler (worn)
Magical devices
 n - a wand of polymorph (7)
 C - a wand of teleportation (3)
 E - a wand of heal wounds (2)
Scrolls
 e - a scroll of remove curse
 j - a scroll of torment
 k - 2 scrolls of recharging
 m - a scroll of holy word
 o - a scroll of silence
 w - a scroll of summoning
 x - 3 scrolls of fog
 y - 6 scrolls of teleportation
 B - 2 scrolls of identify
 K - 5 scrolls of fear
Jewellery
 i - the cursed ring "Unweudary" (right hand) {+Blink rElec Stlth+}
   (You took it off an orc priest on level 7 of the Dungeon)

   [ring of stealth]

   It insulates you from electricity.
   It lets you blink.
   It makes you more stealthy.
   It has a curse placed upon it.
 A - a cursed +5 ring of dexterity (left hand)
 D - an uncursed ring of protection from fire
 F - a cursed amulet of resist corrosion (around neck)
Potions
 p - a potion of restore abilities
 r - 2 potions of might
 s - a potion of invisibility
 z - a potion of lignification
 G - 9 potions of curing
 H - a potion of brilliance
 U - 2 potions of resistance
Books
 c - a book of Maledictions

   Spells                             Type                      Level
   *Corona                            Hexes                        1
   *Sure Blade                        Hexes/Charms                 2
   *Ensorcelled Hibernation           Hexes/Ice                    2
   *Confuse                           Hexes                        3
   Dazzling Spray                     Conjuration/Hexes            3
   *Enslavement                       Hexes                        4
 h - a book of the Sky

   Spells                             Type                      Level
   *Flight                            Charms/Air                   3
   Airstrike                          Air                          4
   Silence                            Hexes/Air                    5
   Deflect Missiles                   Charms/Air                   6
   Conjure Ball Lightning             Conjuration/Air              6
   Tornado                            Air                          9
 l - Sif Muna's Guide on the Unstable Mountains
   (You found it on level 15 of the Dungeon)

   Spells                             Type                      Level
   Sandblast                          Earth                        1
   Passwall                           Transmutation/Earth          3
   Statue Form                        Transmutation/Earth          6
   Shatter                            Earth                        9
 q - a book of Necromancy

   Spells                             Type                      Level
   Pain                               Necromancy                   1
   Animate Skeleton                   Necromancy                   1
   Vampiric Draining                  Necromancy                   3
   Regeneration                       Charms/Necromancy            3
   Animate Dead                       Necromancy                   4
   Control Undead                     Necromancy                   4
 t - a book of Geomancy

   Spells                             Type                      Level
   Sandblast                          Earth                        1
   Stoneskin                          Transmutation/Earth          2
   Passwall                           Transmutation/Earth          3
   Stone Arrow                        Conjuration/Earth            3
   Petrify                            Transmutation/Earth          4
   Lee's Rapid Deconstruction         Earth                        5
 u - a book of Wizardry

   Spells                             Type                      Level
   Agony                              Necromancy                   5
   Force Lance                        Conjuration                  5
   Dispersal                          Translocation                6
   Haste                              Charms                       6
   *Invisibility                      Hexes                        6
   Spellforged Servitor               Conjuration/Summoning        7
 N - a book of Summonings

   Spells                             Type                      Level
   Abjuration                         Summoning                    3
   Recall                             Summoning/Translocation      3
   Shadow Creatures                   Summoning                    5
   Summon Demon                       Summoning                    5
   Summon Forest                      Summoning/Translocation      5
   Monstrous Menagerie                Summoning                    6
 O - a book of Envenomations

   Spells                             Type                      Level
   Spider Form                        Transmutation/Poison         3
   Alistair's Intoxication            Transmutation/Poison         4
   Olgreb's Toxic Radiance            Poison                       4
   Poisonous Cloud                    Conjuration/Poison/Air       6
 P - a book of Ice

   Spells                             Type                      Level
   Metabolic Englaciation             Hexes/Ice                    5
   Ozocubu's Refrigeration            Ice                          6
   Bolt of Cold                       Conjuration/Ice              6
   Freezing Cloud                     Conjuration/Ice/Air          6
   Simulacrum                         Ice/Necromancy               6


   Skills:
 - Level 10.8(15.0) Short Blades
 - Level 0.7 Throwing
 - Level 4.6 Armour
 + Level 9.1(13.4) Dodging
 + Level 21.2(24.6) Stealth
 - Level 5.2(8.2) Shields
 - Level 4.0 Spellcasting
 - Level 23.8(27) Hexes
 * Level 11.0(15.2) Charms


You had one spell level left.
You knew the following spells:

 Your Spells              Type           Power        Failure   Level  Hunger
a - Corona                Hex            #######      0%          1    None
b - Sure Blade            Hex/Chrm       ######....   0%          2    #......
c - Confuse               Hex            #######.     0%          3    ###....
d - Ensorcelled Hibernat  Hex/Ice        ######       1%          2    #......
e - Enslavement           Hex            #######.     0%          4    ####...
i - Invisibility          Hex            #######.     1%          6    #######
A - Apportation           Tloc           #.........   12%         1    None
F - Flight                Chrm/Air       ####......   1%          3    ###....


Dungeon Overview and Level Annotations

Branches:
Dungeon (15/15)            Temple (1/1) D:4             Orc (0/4) D:10
   Lair (8/8) D:10         Shoals (5/5) Lair:3        Snake (0/5) Lair:3
  Slime (0/6) Lair:6       Vaults (0/5) D:14         Depths (0/5) D:15

Altars:
Ashenzari
Cheibriados
Dithmenos
Elyvilon
Fedhas
Kikubaaqudgha
Makhleb
Nemelex Xobeh
Okawaru
Sif Muna
Trog
Vehumet
Xom
Yredelemnul
Zin
The Shining One
Jiyva

Shops:
D:6 ::(   D:14 :   Shoals:1 }

Annotations:
D:15 exclusion: 2 statues, Frances
Shoals:5 Ilsuiw


Innate Abilities, Weirdness & Mutations

You heal slowly.
You can bottle blood from corpses.
You have razor-sharp teeth.*
You have supernaturally acute eyesight.
You can survive without breathing.*


Message History

The wave splashes down.
The merfolk aquamancer points at you and mumbles some strange words.
The great wave of water misses you.
The wave splashes down.
Found a wand of cold.
A merfolk comes into view.
Ashenzari warns you: It is quivering 4 tomahawks of returning.
Your surroundings seem slightly different.
The merfolk throws a tomahawk of returning.
The tomahawk of returning hits you but does no damage.
Found two items.
You see here a tomahawk of returning.
Read which item? (? for menu, Esc to quit)
As you read the scroll of teleportation, it crumbles to dust.
You feel strangely unstable.
The merfolk throws a tomahawk of returning.
The tomahawk of returning barely misses you.
The weapon returns to the merfolk!
The merfolk aquamancer casts a spell at you.
The shard of ice hits you! You partially resist.
You die...

≈ ≈ ≈≈ ≈≈ ≈≈≈≈≈≈ ≈≈ ≈≈≈≈ ≈≈≈≈
≈≈ ≈≈≈≈≈≈≈≈≈ ≈≈ ≈ ≈ ≈ ≈ ≈ ≈ ≈
≈≈≈≈≈≈≈≈≈≈≈≈≈≈≈ ≈ ≈≈ ≈≈ ≈
≈≈≈≈≈≈≈≈≈≈≈≈≈≈ ≈≈≈ ≈≈≈ ≈≈≈ ≈≈
≈≈≈≈≈≈≈≈≈≈≈≈≈≈≈ ≈ ≈ ≈≈ ≈ ≈ ≈
≈≈≈≈≈≈≈≈≈≈≈≈≈≈≈≈ ≈≈ ≈≈≈≈ ≈≈
≈≈≈..≈≈≈≈≈≈≈≈≈≈≈≈ ≈≈≈ ≈≈ ≈ ≈
,............[≈≈≈≈≈≈≈ ≈≈≈ ≈≈≈
,.........@.....≈≈≈ ≈ * ** ≈
, .m(.....(.......≈≈ ≈ , ≈
,..../............ ≈≈*≈≈, ,
≈≈≈, .................,, ≈ ,
≈ , .......≈≈H.......,, ≈ , ≈
........≈≈≈........,≈ ≈,,*
≈≈≈,
,........≈m..........,≈*****
≈≈ ,......................≈
≈≈≈≈
≈≈≈≈......................≈≈≈


You could see a griffon, a merfolk aquamancer and a merfolk.

Vanquished Creatures
  Nikola (Shoals:5)
  2 krakens (Shoals:3)
  Kirke (Shoals:3)
  A frost giant (IceCv)
  Louise (Shoals:5)
  Gastronok (D:10)
  A dire elephant (D:15)
  A merfolk javelineer (Shoals:5)
  2 merfolk impalers
  4 sirens
  The ghost of flammableBen the Bewitcher, a powerful SpEn of Dithmenos (Lair:5)
  A ravenous feature mimic (Bazaar)
  4 hydras
  A death yak (IceCv)
  2 ogre magi
  The ghost of Mulzaro the Carver, an experienced DsGl of Nemelex Xobeh (D:11)
  A centaur warrior (D:15)
  Urug (D:13)
  A very ugly thing (D:15)
  Nergalle (Lair:4)
  A deep elf knight (D:14)
  2 unseen horrors
  A skeletal warrior (D:14)
  7 sea snakes
  8 hill giants
  The ghost of Gruud the Martial Artist, an experienced DsTm of Makhleb (D:8)
  An ice statue (IceCv)
  2 water nymphs
  8 harpies
  2 fauns (Shoals:4)
  4 griffons
  5 cyclopes
  A salamander (D:15)
  A wizard (D:14)
  10 manticores
  8 mermaids
  A guardian serpent (D:11)
  12 elephants
  2 black mambas
  19 spiny frogs
  Psyche (D:10)
  2 fire drakes
  8 komodo dragons
  3 kobold demonologists
  An efreet (D:15)
  3 deep elf priests (D:14)
  20 blink frogs
  6 two-headed ogres
  2 centaur skeletons
  A wandering mushroom (Lair:6)
  19 polar bears
  A queen bee (D:8)
  5 trolls
  4 wind drakes
  23 merfolk
  2 slime creatures (D:15)
  3 giant leeches (Lair:8)
  2 ravens (Lair:7)
  A blink frog (shapeshifter) (D:15)
  A trapdoor spider zombie (D:15)
  2 deep elf magi
  A hydra skeleton (D:14)
  5 snapping turtles
  2 basilisks
  3 wyverns
  A wraith (D:11)
  2 hill giant zombies
  2 hungry ghosts
  21 sharks
  62 yaks
  28 ugly things
  3 elephant slugs
  5 water elementals
  11 hippogriffs
  2 hill giant skeletons (D:14)
  A steam dragon (D:10)
  40 wolves
  Edmund (D:6)
  11 vampire mosquitoes
  2 ogre zombies
  2 nagas (Lair:3)
  10 swamp worms (D:13)
  A dwarf (D:13)
  17 water moccasins
  A yellow wasp (D:14)
  9 porcupines
  Purgy (Sewer)
  2 phantoms
  A black bear (D:8)
  6 orc warriors
  3 sky beasts
  13 ogres
  8 ice beasts
  A boring beetle (Lair:7)
  2 centaurs
  Sigmund (D:3)
  Duvessa (D:6)
  13 crocodiles
  11 giant slugs
  26 giant frogs
  9 big kobolds
  Blork the orc (D:6)
  A yak zombie (D:9)
  A hippogriff zombie (D:10)
  14 killer bees
  8 scorpions
  An eye of draining (D:13)
  2 troll skeletons
  3 electric eels (Lair:8)
  A yak skeleton (D:8)
  A giant frog zombie (D:5)
  6 goliath beetles
  Dowan (D:6)
  5 jellies
  8 crimson imps
  2 human zombies (Ossuary)
  6 big fish
  5 iguanas
  4 orc priests
  A giant frog skeleton (D:8)
  9 hounds
  A quasit (D:11)
  13 worker ants
  12 orc wizards
  15 sheep
  A big kobold zombie (Ossuary)
  Ijyb (D:3)
  A hound zombie (D:8)
  An ogre skeleton (D:7)
  3 mummies (Ossuary)
  A worker ant zombie (D:9)
  4 scorpion zombies (Ossuary)
  26 adders
  41 green rats
  A worm zombie (D:6)
  2 giant mites
  An inept feature mimic (D:3)
  4 shadow imps
  12 worms
  5 giant eyeballs
  11 giant geckos
  4 oozes
  61 orcs
  24 bats
  A bat skeleton (D:4)
  8 giant cockroaches
  28 hobgoblins
  11 jackals
  29 kobolds
  2 ball pythons
  A giant cockroach zombie (D:6)
  8 giant newts
  3 giant spores
  A gnoll zombie (Ossuary)
  16 goblins
  5 goblin zombies
  3 kobold skeletons
  2 kobold zombies (Ossuary)
  An orc zombie (Ossuary)
  15 quokkas
  A quokka zombie (D:8)
  26 rats
  32 ballistomycetes
1094 creatures vanquished.

Vanquished Creatures (collateral kills)
  A kobold demonologist (D:14)
  A water elemental (Shoals:5)
  2 yaks (D:14)
  A black bear (D:10)
  4 kobolds
  A quokka (D:10)
10 creatures vanquished.

Vanquished Creatures (others)
  A merfolk impaler (Shoals:3)
  13 drowned souls (Shoals:4)
  2 humans (Shoals:3)
  A crimson imp (D:14)
  A kobold (D:14)
  2 giant spores
  A goblin zombie (Ossuary)
  A hobgoblin zombie (Ossuary)
  2 ballistomycetes (D:10)
  11 plants
  4 tentacles (Shoals:3)
39 creatures vanquished.

Grand Total: 1143 creatures vanquished

Notes
Turn   | Place    | Note
--------------------------------------------------------------
     0 | D:1      | PolkaDot, the Vampire Enchanter, began the quest for the Orb.
     0 | D:1      | Reached XP level 1. HP: 13/13 MP: 3/3
   117 | D:1      | Reached XP level 2. HP: 19/19 MP: 2/4
   141 | D:1      | Learned a level 2 spell: Ensorcelled Hibernation
   370 | D:1      | Reached skill level 5 in Hexes
   707 | D:1      | Reached XP level 3. HP: 24/24 MP: 3/6
   913 | D:2      | Learned a level 3 spell: Confuse
  1418 | D:2      | Found a shattered altar of Ashenzari.
  1425 | D:2      | Became a worshipper of Ashenzari the Shackled
  1876 | D:2      | Reached XP level 4. HP: 26/30 MP: 1/7
  2171 | D:3      | Noticed Sigmund
  2188 | D:3      | Killed Sigmund
  2188 | D:3      | Reached skill level 5 in Stealth
  2188 | D:3      | Reached skill level 6 in Hexes
  2188 | D:3      | Reached XP level 5. HP: 32/35 MP: 2/9
  2250 | D:3      | Found a glowing drain.
  2255 | D:3      | Noticed Ijyb
  2292 | D:3      | Killed Ijyb
  2330 | D:3      | Reached skill level 7 in Hexes
  2374 | D:3      | Noticed an ogre
  2379 | Sewer    | Entered a sewer
  3057 | Sewer    | Noticed Purgy
  3071 | Sewer    | Killed Purgy
  3071 | Sewer    | Reached XP level 6. HP: 41/41 MP: 4/10
  3138 | D:3      | Killed an ogre
  3138 | D:3      | Reached skill level 8 in Hexes
  3250 | D:3      | Paralysed by a giant eyeball for 3 turns
  3984 | D:4      | Found a staircase to the Ecumenical Temple.
  4004 | D:4      | Found a sand-covered staircase.
  4011 | Ossuary  | Entered an ossuary
  4029 | Ossuary  | Reached XP level 7. HP: 46/46 MP: 12/12
  4174 | Ossuary  | Reached skill level 9 in Hexes
  4544 | Ossuary  | Reached skill level 10 in Hexes
  4745 | D:4      | Found a glowing golden altar of the Shining One.
  4955 | D:4      | Learned a level 4 spell: Enslavement
  4988 | Temple   | Entered the Ecumenical Temple
  5144 | Temple   | Acquired Ashenzari's first power
  5328 | D:4      | Reached skill level 5 in Short Blades
  5328 | D:4      | Reached XP level 8. HP: 42/52 MP: 2/13
  5863 | D:5      | Entered Level 5 of the Dungeon
  6500 | D:5      | Reached skill level 11 in Hexes
  7158 | D:5      | Reached skill level 12 in Hexes
  7462 | D:6      | Noticed Blork the orc
  7479 | D:6      | Killed Blork the orc
  7485 | D:6      | Identified a +0 rod of inaccuracy (14/14)
  7577 | D:6      | Found Tiesm's Antique Weapon Emporium.
  7582 | D:6      | Noticed Duvessa
  7587 | D:6      | Noticed Dowan
  7590 | D:6      | Killed Duvessa
  7590 | D:6      | Reached XP level 9. HP: 57/57 MP: 16/16
  7592 | D:6      | Found Lyisk's Book Boutique.
  7598 | D:6      | Killed Dowan
  7669 | D:6      | Found Ibbo's Book Emporium.
  7815 | D:6      | Reached skill level 10 in Stealth
  8511 | D:7      | Noticed Edmund
  8604 | D:6      | Killed Edmund
  8772 | D:7      | Reached skill level 13 in Hexes
  9212 | D:7      | Learned a level 6 spell: Invisibility
  9238 | D:7      | Identified the ring "Unweudary" {+Blink rElec Stlth+} (You took it off an orc priest on level 7 of the Dungeon)
  9461 | D:7      | Reached skill level 1 in Armour
  9611 | D:8      | Noticed Gruud's ghost (experienced DsTm)
  9625 | D:8      | Killed Gruud's ghost
  9625 | D:8      | Reached skill level 14 in Hexes
  9804 | D:8      | Reached XP level 10. HP: 43/63 MP: 13/20
  9860 | D:8      | Acquired Ashenzari's second power
  9935 | D:8      | Paralysed by a giant eyeball for 2 turns
 10518 | D:8      | Reached skill level 15 in Hexes
 11011 | D:8      | Noticed a two-headed hydra
 11037 | D:8      | Killed a two-headed hydra
 11053 | D:8      | Reached skill level 16 in Hexes
 11801 | D:9      | Reached XP level 11. HP: 68/68 MP: 14/21
 11928 | D:9      | Found a snail-covered altar of Cheibriados.
 11928 | D:9      | Found a basalt altar of Yredelemnul.
 12062 | D:10     | Entered Level 10 of the Dungeon
 12062 | D:10     | Noticed a hill giant
 12063 | D:10     | Killed a hill giant
 12217 | D:10     | Found a staircase to the Orcish Mines.
 12256 | D:10     | Noticed Gastronok
 12268 | D:10     | Noticed a soul eater
 12308 | D:10     | HP: 2/68 [Gastronok/the air (33)]
 12503 | D:10     | Noticed an unseen horror
 12504 | D:10     | Killed an unseen horror
 12504 | D:10     | Reached skill level 17 in Hexes
 12517 | D:10     | Acquired Ashenzari's third power
 12602 | D:10     | Identified Seah's Volume of Twisted Transformation
 12606 | D:10     | Learned a level 2 spell: Sure Blade
 12700 | D:10     | Noticed Psyche
 12709 | D:10     | Killed Psyche
 12747 | D:10     | Found a staircase to the Lair.
 12920 | D:10     | Noticed a hill giant
 12943 | D:10     | Killed a hill giant
 13479 | Lair:1   | Entered Level 1 of the Lair of Beasts
 13767 | Lair:1   | Noticed a seven-headed hydra
 13775 | Lair:1   | Killed a seven-headed hydra
 14613 | Lair:2   | Reached skill level 18 in Hexes
 14963 | Lair:2   | Reached XP level 12. HP: 74/74 MP: 16/22
 15201 | Lair:3   | Found a frozen archway.
 15225 | IceCv    | Entered an ice cave
 15243 | IceCv    | Reached skill level 15 in Stealth
 15248 | IceCv    | Learned a level 1 spell: Apportation
 15510 | IceCv    | Reached skill level 19 in Hexes
 16385 | IceCv    | Noticed a frost giant
 16389 | IceCv    | Killed a frost giant
 16389 | IceCv    | Reached skill level 20 in Hexes
 16403 | IceCv    | Identified the +9,+1 long sword "Demonbane" {elec, rN+ SInv}
 16683 | Lair:3   | Found a staircase to the Snake Pit.
 16836 | Lair:3   | Acquired Ashenzari's fourth power
 16850 | Lair:3   | Reached XP level 13. HP: 79/79 MP: 21/23
 16938 | Lair:3   | Found a staircase to the Shoals.
 17491 | Lair:3   | Reached skill level 10 in Short Blades
 18224 | Lair:4   | Noticed Nergalle
 18231 | Lair:4   | Killed Nergalle
 18820 | Lair:4   | Reached skill level 21 in Hexes
 19159 | Lair:5   | Noticed flammableBen's ghost (powerful SpEn)
 19196 | Lair:5   | Reached skill level 1 in Shields
 19620 | Lair:5   | Killed flammableBen's ghost
 20051 | Lair:6   | Found a white marble altar of Elyvilon.
 20066 | Lair:6   | Found a viscous altar of Jiyva.
 20066 | Lair:6   | Found a staircase to the Slime Pits.
 21691 | Lair:8   | Entered Level 8 of the Lair of Beasts
 21715 | Lair:8   | Reached skill level 5 in Shields
 21733 | Lair:8   | Reached XP level 14. HP: 85/85 MP: 22/24
 21982 | Lair:8   | Reached skill level 22 in Hexes
 23014 | Lair:8   | Identified the +2 robe of the Saviour {rC+ Str-2} (You found it on level 8 of the Dungeon)
 23197 | Lair:4   | Reached skill level 23 in Hexes
 23294 | D:10     | Killed Gastronok
 23508 | D:11     | Found a flickering gateway to a bazaar.
 23525 | Bazaar   | Entered a bazaar
 23525 | Bazaar   | Found Elax Gho's Distillery.
 23543 | Bazaar   | Found Uwaara's Antique Weapon Boutique.
 23552 | Bazaar   | Found Mnoff's Gadget Emporium.
 23560 | Bazaar   | Found Otakenoe's Antique Armour Emporium.
 23569 | Bazaar   | Bought a twisted robe for 108 gold pieces
 23569 | Bazaar   | Identified the cursed +2 robe of the Countless Tales {rF++ SInv} (You bought it in a shop in a bazaar)
 23569 | Bazaar   | Bought a shiny helmet for 85 gold pieces
 23572 | Bazaar   | Found Lyisk's General Store.
 23648 | Bazaar   | Bought a scroll of identify for 20 gold pieces
 23672 | Bazaar   | Bought a pair of gloves for 85 gold pieces
 23823 | D:11     | Noticed Mulzaro's ghost (experienced DsGl)
 23829 | D:11     | Killed Mulzaro's ghost
 25316 | D:13     | Noticed Urug
 25324 | D:13     | Killed Urug
 25352 | D:13     | Reached XP level 15. HP: 90/90 MP: 25/25
 25800 | D:13     | Learned a level 3 spell: Flight
 25966 | D:13     | Reached skill level 1 in Charms
 26026 | D:13     | Identified the +0 robe "Idig" {+Blink rPois Acc-7} (You found it on level 13 of the Dungeon)
 26372 | D:14     | Reached skill level 5 in Dodging
 26468 | D:14     | Found a gate to the Vaults.
 26605 | D:14     | Found Buajuamp's Book Shop.
 26669 | D:14     | Bought a book of Geomancy for 665 gold pieces
 27435 | D:15     | Entered Level 15 of the Dungeon
 27470 | D:15     | Identified Sif Muna's Guide on the Unstable Mountains (You found it on level 15 of the Dungeon)
 27667 | D:15     | Reached skill level 5 in Charms
 27727 | D:15     | Found a white marble altar of Elyvilon.
 27826 | D:15     | Found a sparkling altar of Nemelex Xobeh.
 27908 | D:15     | Found a staircase to the Depths.
 27909 | D:15     | Noticed Frances
 28890 | Shoals:1 | Entered Level 1 of the Shoals
 29319 | Shoals:1 | Found Chof's Gadget Shop.
 30394 | Shoals:3 | Noticed Kirke
 30402 | Shoals:3 | Killed Kirke
 30423 | Shoals:3 | Noticed a kraken
 30442 | Shoals:3 | Killed a kraken
 30591 | Shoals:3 | Noticed a kraken
 30600 | Shoals:3 | Killed a kraken
 30827 | Shoals:3 | Reached XP level 16. HP: 96/96 MP: 20/25
 31652 | Shoals:4 | Reached skill level 10 in Charms
 32123 | Shoals:5 | Entered Level 5 of the Shoals
 32123 | Shoals:5 | Noticed Nikola
 32126 | Shoals:5 | Killed Nikola
 32224 | Shoals:5 | Noticed Ilsuiw
 32249 | Shoals:5 | Noticed Louise
 32562 | Shoals:5 | Killed Louise
 32574 | Shoals:5 | Killed from afar by a merfolk aquamancer

Action                   |  1- 3 |  4- 6 |  7- 9 | 10-12 | 13-15 | 16-18 || total
-------------------------+-------+-------+-------+-------+-------+-------++-------
Melee: Dagger            |   101 |   195 |   386 |   759 |   865 |   140 ||  2446
Throw: Dart              |     9 |       |       |     2 |       |       ||    11
 Cast: Corona            |     6 |     1 |     2 |     1 |     3 |       ||    13
       Ensorcelled Hiber |    27 |    39 |   125 |   125 |   265 |    30 ||   611
       Confuse           |       |     5 |    24 |    12 |    21 |     5 ||    67
       Enslavement       |       |       |     1 |    11 |     2 |     7 ||    21
       Invisibility      |       |       |     2 |    18 |    29 |     4 ||    53
       Apportation       |       |       |       |     8 |       |       ||     8
       Sure Blade        |       |       |       |     3 |    20 |       ||    23
       Flight            |       |       |       |       |    42 |    23 ||    65
 Abil: End Transformatio |       |       |     5 |       |     1 |       ||     6
       Bat Form          |       |       |     5 |       |     1 |       ||     6
Evoke: Wand              |       |       |     2 |    21 |     3 |       ||    26
  Use: Scroll            |     3 |     6 |     8 |    15 |    27 |     5 ||    64
       Potion            |     3 |     5 |    13 |     4 |    11 |     1 ||    37
 Stab: Sleeping          |    29 |    31 |   112 |   180 |   380 |    33 ||   765
       Distracted        |     1 |       |     1 |     5 |    10 |     2 ||    19
       Confused          |       |     5 |    25 |    11 |    10 |     1 ||    52
       Invisible         |       |       |     5 |    42 |    96 |    16 ||   159
       Fleeing           |       |       |       |     1 |       |       ||     1
